UAA
MERCER ISLAND SCREAMING EAGLES @ TACOMA FUR TRADERS
09/04/2018
 
TOP OF THE 1ST
Mercer Island Screaming Eagles batting - Pitching for Tacoma Fur Traders : RHP Javier López
Pitching: RHP Javier López
Batting: RHB Juan Alba 0-0: Foul Ball, location: 2F
0-1: Swinging Strike
0-2: Strikes out swinging
Batting: RHB Paul Houston 0-0: Ball
1-0: Foul Ball, location: 2F
1-1: SINGLE (Line Drive, 56D)
Batting: LHB Jeff Lee 0-0: Ball
1-0: Ball
2-0: Ball
3-0: Base on Balls
Paul Houston to second
Batting: LHB Mike Russell 0-0: Foul Ball, location: 2F
0-1: Ball
1-1: Ball
2-1: Swinging Strike
2-2: Strikes out swinging
Batting: RHB Scotty Anderson 0-0: Ball
1-0: Called Strike
1-1: Ball
2-1: Fly out, F4 (Line Drive, 4)
Top of the 1st over - 0 run(s), 1 hit(s), 0 error(s), 2 left on base; Mercer Island 0 - Tacoma 0
BOTTOM OF THE 1ST
Tacoma Fur Traders batting - Pitching for Mercer Island Screaming Eagles : RHP Don Miller
Pitching: RHP Don Miller
Batting: RHB Mike Daniels 0-0: Called Strike
0-1: Ball
1-1: Ball
2-1: Ball
3-1: Swinging Strike
3-2: SINGLE (Flyball, 8LS)
Batting: RHB Jesús Morales 0-0: Ball
1-0: Called Strike
1-1: Ball
2-1: Ball
3-1: Fly out, F9 (Flyball, 9LM)
Batting: RHB Brett Robinson 0-0: Ball
1-0: Ball
2-0: Foul Ball, location: 2F
2-1: Called Strike
2-2: Ball
3-2: Grounds into double play, 6-4-3 (Groundball, 6M)
Bottom of the 1st over - 0 run(s), 1 hit(s), 0 error(s), 0 left on base; Mercer Island 0 - Tacoma 0
TOP OF THE 2ND
Mercer Island Screaming Eagles batting - Pitching for Tacoma Fur Traders : RHP Javier López
Batting: RHB Trent Stevens 0-0: Ground out 4-3 (Groundball, 4M)
Batting: RHB Eric Peterson 0-0: Ball
1-0: Fly out, F9 (Flyball, 89M)
Batting: LHB Gregg Young 0-0: Ball
1-0: Ball
2-0: Foul Ball, location: 2F
2-1: Swinging Strike
2-2: SINGLE (Line Drive, 4MD)
Batting: SHB Ray Davis 0-0: Called Strike
0-1: Called Strike
0-2: Ball
1-2: Ball
2-2: SINGLE (Groundball, 34)
Gregg Young to second
Runner from 2nd tries for 3rd, SAFE, throw made to third
Batting: RHB Juan Alba 0-0: Called Strike
0-1: Foul Ball, location: 2F
0-2: Strikes out swinging
Top of the 2nd over - 0 run(s), 2 hit(s), 0 error(s), 2 left on base; Mercer Island 0 - Tacoma 0
BOTTOM OF THE 2ND
Tacoma Fur Traders batting - Pitching for Mercer Island Screaming Eagles : RHP Don Miller
Batting: RHB Mo Zhou 0-0: Foul Ball, location: 2F
0-1: Swinging Strike
0-2: SINGLE (Groundball, 5D)
Batting: RHB Hiwahikeiki Noelani 0-0: Swinging Strike
0-1: Swinging Strike
0-2: Ball
1-2: Ball
2-2: Strikes out looking
Batting: RHB Gonzalo Manuel 0-0: Foul Ball, location: 2F
0-1: Ball
1-1: Ball
2-1: Swinging Strike
2-2: Fly out, F8 (Flyball, 8RM)
Batting: RHB Dale Blair 0-0: Ball
1-0: Ball
2-0: DOUBLE (Line Drive, 9LM)
Mo Zhou to third
Batting: RHB Joe Craig 0-0: Ball
1-0: Ball
2-0: SINGLE (Flyball, 8LS)
Mo Zhou scores
Dale Blair to third
Runner from 3rd tries for Home, SAFE, throw made home
Batting: RHB Justin Saginov 0-0: Ball
Joe Craig is caught stealing 2nd base
Bottom of the 2nd over - 2 run(s), 3 hit(s), 0 error(s), 0 left on base; Mercer Island 0 - Tacoma 2
TOP OF THE 3RD
Mercer Island Screaming Eagles batting - Pitching for Tacoma Fur Traders : RHP Javier López
Batting: RHB Paul Houston 0-0: Ball
1-0: SINGLE (Groundball, 4MD)
Batting: LHB Jeff Lee 0-0: Ball
1-0: Foul Ball, location: 2F
1-1: Foul Ball, location: 2F
1-2: Ball
2-2: Fly out, F8 (Flyball, 8RD)
Batting: LHB Mike Russell 0-0: Called Strike
0-1: Ball
1-1: Fly out, F6 (Popup, 5D)
Batting: RHB Scotty Anderson 0-0: Ball
1-0: Foul Ball, location: 2F
1-1: Swinging Strike
1-2: Ball
2-2: Strikes out swinging
Top of the 3rd over - 0 run(s), 1 hit(s), 0 error(s), 1 left on base; Mercer Island 0 - Tacoma 2
BOTTOM OF THE 3RD
Tacoma Fur Traders batting - Pitching for Mercer Island Screaming Eagles : RHP Don Miller
Batting: RHB Justin Saginov 0-0: Swinging Strike
0-1: Swinging Strike
0-2: Hit by Pitch
Batting: RHB Mike Daniels 0-0: Ball
1-0: Foul Ball, location: 2F
1-1: Ball
2-1: Called Strike
2-2: Foul Ball, location: 2F
2-2: Ball
3-2: Foul Ball, location: 2F
3-2: Foul Ball, location: 2F
3-2: Fly out, F9 (Flyball, 9LM)
Batting: RHB Jesús Morales 0-0: Ball
1-0: SINGLE (Line Drive, 56D)
Justin Saginov to second
Batting: RHB Brett Robinson 0-0: Called Strike
0-1: Called Strike
0-2: Ball
1-2: Ball
2-2: Fly out, F4 (Popup, 9LS)
Batting: RHB Mo Zhou 0-0: Called Strike
0-1: Ball
1-1: Foul Ball, location: 2F
1-2: Ball
2-2: Foul Ball, location: 2F
2-2: Ball
3-2: Fly out, F8 (Flyball, 8LXD)
Bottom of the 3rd over - 0 run(s), 1 hit(s), 0 error(s), 2 left on base; Mercer Island 0 - Tacoma 2
TOP OF THE 4TH
Mercer Island Screaming Eagles batting - Pitching for Tacoma Fur Traders : RHP Javier López
Batting: RHB Trent Stevens 0-0: Called Strike
0-1: Ball
1-1: Ball
2-1: Ground out 6-3 (Groundball, 6)
Batting: RHB Eric Peterson 0-0: Called Strike
0-1: Ball
1-1: TRIPLE (Line Drive, 8LM)
Batting: LHB Gregg Young 0-0: Called Strike
0-1: Ball
1-1: Fly out, F8 (Flyball, 8RM)
Runner from 3rd tags up, SCORES, no throw
Batting: SHB Ray Davis 0-0: Ball
1-0: Called Strike
1-1: Ball
2-1: Swinging Strike
2-2: Foul Ball, location: 2F
2-2: Fly out, F7 (Flyball, 7M)
Top of the 4th over - 1 run(s), 1 hit(s), 0 error(s), 0 left on base; Mercer Island 1 - Tacoma 2
BOTTOM OF THE 4TH
Tacoma Fur Traders batting - Pitching for Mercer Island Screaming Eagles : RHP Don Miller
Batting: RHB Hiwahikeiki Noelani 0-0: Ball
1-0: Fly out, F7 (Flyball, 78M)
Batting: RHB Gonzalo Manuel 0-0: Ball
1-0: Called Strike
1-1: Called Strike
1-2: Ball
2-2: SINGLE (Groundball, 56D)
Batting: RHB Dale Blair 0-0: Foul Ball, location: 2F
0-1: Ball
1-1: Called Strike
1-2: Ball
2-2: Ball
3-2: Grounds into double play, 6-4-3 (Groundball, 6)
Bottom of the 4th over - 0 run(s), 1 hit(s), 0 error(s), 0 left on base; Mercer Island 1 - Tacoma 2
TOP OF THE 5TH
Mercer Island Screaming Eagles batting - Pitching for Tacoma Fur Traders : RHP Javier López
Batting: RHB Juan Alba 0-0: Ball
1-0: Ball
2-0: Called Strike
2-1: Fly out, F8 (Flyball, 8RM)
Batting: RHB Paul Houston 0-0: Hit by Pitch
Batting: LHB Jeff Lee 0-0: Ball
1-0: Ball
2-0: Ball
3-0: Called Strike
3-1: Base on Balls
Paul Houston to second
Batting: LHB Mike Russell 0-0: Called Strike
0-1: Ball
1-1: Ball
2-1: Called Strike
2-2: Fly out, F9 (Flyball, 9M)
2-2: Fly out, F9 (Flyball, 9M)
Batting: RHB Scotty Anderson 0-0: Ball
1-0: Ball
2-0: Ball
3-0: Called Strike
3-1: Called Strike
3-2: Fly out, F8 (Flyball, 8LM)
Top of the 5th over - 0 run(s), 0 hit(s), 0 error(s), 2 left on base; Mercer Island 1 - Tacoma 2
BOTTOM OF THE 5TH
Tacoma Fur Traders batting - Pitching for Mercer Island Screaming Eagles : RHP Don Miller
Batting: RHB Joe Craig 0-0: Fly out, F8 (Flyball, 8LXD)
Batting: RHB Justin Saginov 0-0: Ball
1-0: Foul Ball, location: 2F
1-1: Ground out 4-3 (Groundball, 34)
Batting: RHB Mike Daniels 0-0: Ball
1-0: Called Strike
1-1: Ball
2-1: Ground out 4-3 (Groundball, 34)
Bottom of the 5th over - 0 run(s), 0 hit(s), 0 error(s), 0 left on base; Mercer Island 1 - Tacoma 2
TOP OF THE 6TH
Mercer Island Screaming Eagles batting - Pitching for Tacoma Fur Traders : RHP Javier López
Batting: RHB Trent Stevens 0-0: Bunt for hit - play at first, batter OUT! 2-4
Batting: RHB Eric Peterson 0-0: Called Strike
0-1: Ball
1-1: Foul Ball, location: 2F
1-2: Foul Ball, location: 2F
1-2: SINGLE (Groundball, 56D) (infield hit)
Batting: LHB Gregg Young 0-0: Ball
Eric Peterson steals 2nd base
1-0: Ball
2-0: Foul Ball, location: 2F
2-1: DOUBLE (Line Drive, 89M)
Eric Peterson scores
Batting: SHB Ray Davis 0-0: Foul Ball, location: 2F
0-1: Swinging Strike
0-2: Strikes out looking
Batting: RHB Juan Alba 0-0: Called Strike
0-1: Reached on error, E5 (Groundball, 56S)
Gregg Young to third
Pitching: LHP Hallinan Udny
Batting: RHB Paul Houston 0-0: Ball
1-0: SINGLE (Line Drive, 34)
Gregg Young scores
Juan Alba to second
Runner from 2nd tries for 3rd, SAFE, no throw or cutoff
Batting: LHB Jeff Lee 0-0: Foul Ball, location: 2F
0-1: Called Strike
0-2: Strikes out swinging
Top of the 6th over - 2 run(s), 3 hit(s), 1 error(s), 2 left on base; Mercer Island 3 - Tacoma 2
BOTTOM OF THE 6TH
Tacoma Fur Traders batting - Pitching for Mercer Island Screaming Eagles : RHP Don Miller
Batting: RHB Jesús Morales 0-0: Foul Ball, location: 2F
0-1: Ball
1-1: Called Strike
1-2: Ball
2-2: Ball
3-2: Base on Balls
Batting: RHB Brett Robinson 0-0: Fly out, F8 (Flyball, 8RM)
Batting: RHB Mo Zhou 0-0: SINGLE (Groundball, 56D)
Jesús Morales to second
Batting: RHB Hiwahikeiki Noelani 0-0: Foul Ball, location: 2F
0-1: DOUBLE (Flyball, 78M)
Jesús Morales scores
Mo Zhou to third
Batting: RHB Gonzalo Manuel 0-0: Intentional Walk
Batting: RHB Dale Blair 0-0: Ball
1-0: Foul Ball, location: 2F
1-1: Ball
2-1: SINGLE (Groundball, 34)
Mo Zhou scores
Hiwahikeiki Noelani to third
Gonzalo Manuel to second
Runner from 3rd tries for Home, SAFE, no throw or cutoff
Batting: RHB Joe Craig 0-0: Called Strike
0-1: SINGLE (Line Drive, 4MD)
Gonzalo Manuel to third
Dale Blair to second
Runner from 3rd tries for Home, SAFE, no throw or cutoff
Pitching: RHP José Contreras
Batting: RHB Justin Saginov 0-0: SINGLE (Line Drive, 7LS)
Dale Blair to third
Joe Craig to second
Batting: RHB Mike Daniels 0-0: Called Strike
0-1: Ball
1-1: Called Strike
1-2: Strikes out swinging
Batting: RHB Jesús Morales 0-0: Ball
1-0: Ball
2-0: Called Strike
2-1: Ground out 5-3 (Groundball, 5S)
Bottom of the 6th over - 4 run(s), 5 hit(s), 0 error(s), 3 left on base; Mercer Island 3 - Tacoma 6
TOP OF THE 7TH
Mercer Island Screaming Eagles batting - Pitching for Tacoma Fur Traders : LHP Hallinan Udny
Batting: LHB Mike Russell 0-0: Ball
1-0: DOUBLE (Line Drive, 9M)
Batting: RHB Scotty Anderson 0-0: Ball
1-0: Ball
2-0: Called Strike
2-1: Swinging Strike
2-2: Foul Ball, location: 2F
2-2: Ground out U3 (Groundball, 3S)
Mike Russell to third
Batting: RHB Trent Stevens 0-0: Ball
1-0: Swinging Strike
1-1: Ball
2-1: Called Strike
2-2: Ball
3-2: Strikes out swinging
Batting: RHB Eric Peterson 0-0: Called Strike
0-1: SINGLE (Line Drive, 56D)
Mike Russell scores
Batting: LHB Gregg Young 0-0: Ball
1-0: Fielders Choice at 2nd, U4 (Groundball, 4M)
Top of the 7th over - 1 run(s), 2 hit(s), 0 error(s), 1 left on base; Mercer Island 4 - Tacoma 6
BOTTOM OF THE 7TH
Tacoma Fur Traders batting - Pitching for Mercer Island Screaming Eagles : RHP José Contreras
Batting: RHB Brett Robinson 0-0: Ball
1-0: Foul Ball, location: 2F
1-1: Ball
2-1: Ground out 5-3 (Groundball, 56S)
Batting: RHB Mo Zhou 0-0: Ball
1-0: Called Strike
1-1: Ball
2-1: Called Strike
2-2: Ball
3-2: Ground out 6-3 (Groundball, 6)
Batting: RHB Hiwahikeiki Noelani 0-0: Ball
1-0: Called Strike
1-1: Ground out 5-3 (Groundball, 56)
Bottom of the 7th over - 0 run(s), 0 hit(s), 0 error(s), 0 left on base; Mercer Island 4 - Tacoma 6
TOP OF THE 8TH
Mercer Island Screaming Eagles batting - Pitching for Tacoma Fur Traders : LHP Hallinan Udny
Batting: SHB Ray Davis 0-0: Ball
1-0: Called Strike
1-1: Ball
2-1: Ball
3-1: Ground out 5-3 (Groundball, 56)
Batting: RHB Juan Alba 0-0: Called Strike
0-1: Ball
1-1: SINGLE (Line Drive, 3)
Pitching: RHP Bruce Hamilton
Batting: RHB Paul Houston 0-0: Called Strike
0-1: Ball
1-1: Foul Ball, location: 2F
1-2: Ball
2-2: Ball
3-2: Base on Balls
Juan Alba to second
Pitching: LHP Dennis McDonald
Pinch Hitting: RHB Luis Antonio Hernández 0-0: Called Strike
0-1: Swinging Strike
0-2: SINGLE (Line Drive, 78S)
Juan Alba to third
Paul Houston to second
Runner from 3rd tries for Home, SAFE, no throw or cutoff
Pitching: RHP Jim Unknown
Batting: LHB Mike Russell 0-0: Ball
1-0: Fly out, F3 (Line Drive, 34)
1-0: Lined into DP, U3 (Line Drive, 34)
Top of the 8th over - 1 run(s), 2 hit(s), 0 error(s), 1 left on base; Mercer Island 5 - Tacoma 6
BOTTOM OF THE 8TH
Tacoma Fur Traders batting - Pitching for Mercer Island Screaming Eagles : RHP José Contreras
Now in LF: Luis Antonio Hernández
Batting: RHB Gonzalo Manuel 0-0: Ball
1-0: Called Strike
1-1: Foul Ball, location: 2F
1-2: Ground out 5-3 (Groundball, 5S)
Pitching: RHP Stewart Walker
Batting: RHB Dale Blair 0-0: Ball
1-0: Swinging Strike
1-1: Called Strike
1-2: Strikes out swinging
Batting: RHB Joe Craig 0-0: Ball
1-0: Called Strike
1-1: Swinging Strike
1-2: Ball
2-2: Foul Ball, location: 2F
2-2: Strikes out swinging
Bottom of the 8th over - 0 run(s), 0 hit(s), 0 error(s), 0 left on base; Mercer Island 5 - Tacoma 6
TOP OF THE 9TH
Mercer Island Screaming Eagles batting - Pitching for Tacoma Fur Traders : RHP Jim Unknown
Batting: RHB Scotty Anderson 0-0: Foul Ball, location: 2F
0-1: Ball
1-1: Ball
2-1: Swinging Strike
2-2: Ball
3-2: Strikes out swinging
Pinch Hitting: RHB P.J. O'Keefe 0-0: Called Strike
0-1: Ball
1-1: Ground out 5-3 (Groundball, 5)
Pinch Hitting: RHB Kenzaburo Hori 0-0: Foul Ball, location: 2F
0-1: Ball
1-1: Foul Ball, location: 2F
1-2: SINGLE (Flyball, 9LS)
Pinch Hitting: LHB Tyrone Morgan 0-0: Ball
1-0: Ball
2-0: SINGLE (Line Drive, 9LS)
Kenzaburo Hori to second
Batting: SHB Ray Davis 0-0: Foul Ball, location: 2F
0-1: Ground out 4-3 (Groundball, 34)
Top of the 9th over - 0 run(s), 2 hit(s), 0 error(s), 2 left on base; Mercer Island 5 - Tacoma 6
This league is powered by Out of the Park Baseball, the baseball management simulation game for PC, Mac and Linux
Monday, May 4th, 2015 - OOTP Baseball 15.6 Build 34